 Dungeon Crawl Stone Soup version 0.30.1-11-g7821555f0a (webtiles) character file.

Game seed: 16403576179727520750

473 ChrisAssaf the Magician (level 7, -4/47 HPs)
             Began as a Djinni Summoner on Jan 8, 2024.
             Was a Believer of Cheibriados.
             Slain by a wight
             ... wielding a +5 battleaxe
              (17 damage)
             ... on level 4 of the Dungeon.
             The game lasted 00:12:58 (3463 turns).

ChrisAssaf the Magician (Djinni Summoner)           Turns: 3463, Time: 00:12:58

Health: -4/47      AC:  4    Str: 15    XL:     7   Next: 32%
Gold:   165        EV: 28    Int: 22    God:    Cheibriados [**....] SH:  0 Dex: 14

rFire   + + .        e - +2 short sword (venom)
rCold   x . .        (no shield)
rNeg    . . .        a - +2 robe
rPois   ∞            (no helmet)
rElec   .            (no cloak)
rCorr   .            (no gloves)
SInv    .            (boots unavailable)
Will    .....        f - amulet of the acrobat
Stlth   +++          (no ring)
HPRegen 0.27/turn    (no ring)
MPRegen 0.00/turn

%: acrobat, infuse magic (-5 HP)
@: acrobatic, flying, very slow
A: sickness immunity, fire resistance 2, cold vulnerability 1, float, innate
caster, HP casting, extra vitality 1, camouflage 1, clumsy 1, strong 1
a: Renounce Religion, Bend Time


You were on level 4 of the Dungeon.
You worshipped Cheibriados.
Cheibriados was pleased with you.
You visited 1 branch of the dungeon, and saw 4 of its levels.

You collected 165 gold pieces.

Inventory:

Hand Weapons
 b - a +2 dagger of venom
 e - a +2 short sword of venom (weapon)
Missiles
 l - 3 curare-tipped darts (quivered)
Armour
 a - a +2 robe (worn)
Jewellery
 f - an amulet of the acrobat (around neck)
Wands
 k - a wand of roots (7)
Potions
 c - 2 potions of lignification {unknown}
 d - 3 potions of flight
 g - a potion of mutation
 h - 2 potions of curing {unknown}
 i - 2 potions of might {unknown}
 j - a potion of berserk rage {unknown}
 n - a potion of magic {unknown}


   Skills:
 * Level 1.5 Fighting
 * Level 1.2 Short Blades
 * Level 0.3 Throwing
 * Level 1.6 Armour
 * Level 3.2 Dodging
 * Level 2.5 Stealth
 * Level 5.2 Spellcasting
 * Level 0.4 Invocations
 * Level 0.3 Evocations


You knew the following spells:

 Your Spells              Type           Power      Damage    Failure   Level
a - Summon Small Mammal   Summ           100%       N/A       1%          1
b - Call Imp              Summ           56%        N/A       1%          2
c - Call Canine Familiar  Summ           28%        N/A       3%          3
d - Summon Guardian Gole  Hex/Summ       28%        N/A       3%          3
e - Summon Lightning Spi  Summ/Air       28%        N/A       12%         4
f - Sandblast             Erth           56%        2d13      1%          1
g - Passwall              Tmut/Erth      23%        N/A       1%          2
h - Scorch                Fire           56%        2d7       1%          2
Your spell library was empty.

Dungeon Overview and Level Annotations

Branches:
Dungeon (4/15)             Temple (0/1) D:4

Altars:
Cheibriados


Innate Abilities, Weirdness & Mutations

You are immune to sickness and miasma.
You are immune to poison.
Your flesh is very heat resistant. (rF++)
You are vulnerable to cold. (rC-)
You float through the air rather than walking.
You learn spells naturally, not from books.
Your magical power is your life essence.
You have superior vitality. (+4 MHP)
Your skin changes colour to match your surroundings (Stealth+).
You are clumsy. (Dex -2)
Your muscles are strong. (Str +4, Int/Dex -1)


Message History

The orc shouts!
Something hits you but does no damage. Something misses you.
Something misses you.
An orc priest comes into view. It is wielding a +0 hand axe.
Casting: Summon Lightning Spire (quite dangerous; 13% risk of failure)
Confirm with . or Enter, or press ? or * to list all spells.
The spell is quite dangerous to miscast (13% risk of failure)!
Continue anyway?
An electric hum fills the air.
The orc priest shouts!
Something hits you.
An orc wizard appears from thin air!
Reactivating autopickup.
You hit the orc wizard.
The orc wizard is poisoned.
The orc wizard is lightly wounded.
The orc wizard barely misses you.
Your lightning spire shoots out a bolt of lightning at the orc!
The bolt of electricity hits the orc wizard!
The orc wizard dies!
Cheibriados appreciates the change of pace.
Cheibriados raises the support of your attributes as your movement slows.
The bolt of electricity hits the orc!
The orc dies!
Cheibriados appreciates the change of pace.
Found a stone staircase leading down.
A wight comes into view. It is wielding a +5 long sword.
Your lightning spire shoots out a bolt of lightning at the wight!
The bolt of electricity hits the wight.
The wight completely misses you. The wight attacks as you move away!
The wight hits you with a +5 battleaxe!
* * * LOW HITPOINT WARNING * * *
A dart slug comes into view.
Your lightning spire shoots out a bolt of lightning at the wight!
The bolt of electricity hits the wight!
The wight is destroyed!
Cheibriados appreciates the change of pace.
The dart slug launches a dart at you.
The slug dart hits your lightning spire.
Your lightning spire shoots out a bolt of lightning at the dart slug!
The bolt of electricity hits the dart slug!
The wight attacks as you move away! The wight hits you with a +5 battleaxe!
You die...

# #.. #.#.#.#.
#.#.##.#.#.#.#
#####.#.#.#.#.#.#.
#..........#.#.#.# . #
#...#.#.#.#. ... #
....##...#.#.#.# ....#.
.........#<#.#.#.
......##########.#.#.#.#
#>...@z.o.....#.#.#.#
......#.##..#....#.#.#.
..... #8#.......#.#.#.#
.... #.......#..#.#.#.#
#######.)#...####.#.#.#.
#...))#......)#.#.#.#
#....###...###.#.#.#.
#....w......#.#.#.#.#
####...#.....#...#.#.#.#.


You could see a wight, an orc priest, a dart slug (distracted, ally target) and
a friendly lightning spire (summoned).

Vanquished Creatures
  3 adders
  A worm (D:3)
  2 dart slugs (D:1)
  2 orcs (D:3)
  3 ball pythons
  6 bats
  5 endoplasms
  2 giant cockroaches
  4 goblins
  3 hobgoblins
  4 kobolds
  2 quokkas
  6 rats
43 creatures vanquished.

Vanquished Creatures (collateral kills)
  Grinder (D:3)
  A wight (D:4)
  An orc priest (D:3)
  An orc wizard (D:4)
  2 adders
  3 gnolls (D:3)
  2 worms
  8 orcs
  A ball python (D:3)
  A bat (D:3)
  An endoplasm (D:2)
  2 giant cockroaches
  A goblin (D:1)
  2 hobgoblins
  4 jackals (D:1)
  A frilled lizard (D:1)
  3 kobolds
  5 rats
40 creatures vanquished.

Grand Total: 83 creatures vanquished

Notes
Turn   | Place    | Note
-------+----------+-------------------------------------------
     0 | D:1      | ChrisAssaf the Djinni Summoner began the quest for the Orb.
     0 | D:1      | ChrisAssaf set off with the following spells memorised:
                  | Summon Small Mammal, Call Imp, Call Canine Familiar, Summon
                  | Guardian Golem, Summon Lightning Spire.
     0 | D:1      | Reached XP level 1. HP: 15/15 MP: 0/0
   135 | D:1      | Reached XP level 2. HP: 5/21 MP: 0/0
   498 | D:2      | Reached XP level 3. HP: 25/25 MP: 0/0
   498 | D:2      | Learned a level 1 spell: Sandblast
   629 | D:3      | Reached skill level 4 in Spellcasting
   629 | D:3      | Reached XP level 4. HP: 4/31 MP: 0/0
   846 | D:3      | Found a snail-covered altar of Cheibriados.
   857 | D:3      | Became a worshipper of Cheibriados the Contemplative
  1034 | D:3      | Reached XP level 5. HP: 28/36 MP: 0/0
  1034 | D:3      | Learned a level 2 spell: Passwall
  1164 | D:3      | Found a faded altar of an unknown god.
  1325 | D:3      | Reached skill level 1 in Fighting
  1355 | D:3      | Noticed Grinder
  1363 | D:3      | Killed Grinder
  1364 | D:3      | Reached skill level 1 in Short Blades
  1364 | D:3      | Reached skill level 1 in Armour
  1364 | D:3      | Reached skill level 5 in Spellcasting
  1364 | D:3      | Reached XP level 6. HP: 36/42 MP: 0/0
  2564 | D:1      | Gained mutation: You are clumsy. (Dex -2) [potion of
                  | mutation]
  2564 | D:1      | Gained mutation: Your muscles are strong. (Str +4, Int/Dex
                  | -1) [potion of mutation]
  2564 | D:1      | Gained mutation: Your skin changes colour to match your
                  | surroundings (Stealth+). [potion of mutation]
  2620 | D:1      | Reached * piety under Cheibriados
  2621 | D:1      | Reached XP level 7. HP: 40/47 MP: 0/0
  2621 | D:1      | Learned a level 2 spell: Scorch
  3410 | D:4      | Found a staircase to the Ecumenical Temple.
  3456 | D:4      | Reached ** piety under Cheibriados
  3463 | D:4      | Slain by a wight

Illustrated notes

Levels and vault maps discovered:
D:1:      dpeg_arrival_subterranean_lakeside_camping, layout_basic,
          nicolae_concentric_dashed_squares_mild, hangedman_feature_mirror
D:2:      mumra_celtic_spiral_tile, layout_loops_corners, basic_altar
D:3:      layout_basic, slow_altar_1, shapermc_ecumenical_altar_notcrosses,
          st_stairs_10, uniq_grinder
D:4:      layout_basic, chequers_temple_overflow_statue_of_worship,
          minmay_temple_entry_tees, lightli_ossuary_entry_decrepit_ruins,
          uniq_eustachio

Skill      XL: |  1  2  3  4  5 |
---------------+----------------+-----
Spellcasting   | 4 5 |  5.2
Stealth        | 2 |  2.5
Fighting       | 1 |  1.5
Short Blades   | 1 |  1.2
Armour         | 1 |  1.6
Dodging        | 3 |  3.2
Throwing       | |  0.3
Invocations    | |  0.4
Evocations     | |  0.3

Action                     |  1- 3 |  4- 6 |  7- 9 || total
---------------------------+-------+-------+-------++-------
  Melee: Dagger            |    24 |     2 |       ||    26
         Short sword       |       |    23 |    13 ||    36
         Punch             |       |     1 |       ||     1
   Cast: Summon Small Mamm |     5 |     1 |       ||     6
         Call Imp          |     7 |     5 |     1 ||    13
         Call Canine Famil |     1 |     3 |       ||     4
         Summon Lightning  |       |     6 |     4 ||    10
         Sandblast         |       |     5 |       ||     5
         Summon Guardian G |       |     1 |       ||     1
         Scorch            |       |       |    12 ||    12
    Use: Scroll            |     1 |     5 |     2 ||     8
         Potion            |       |     1 |       ||     1
   Stab: Sleeping          |       |     1 |     3 ||     4
 Armour: Robe              |     5 |     5 |     5 ||    15
  Dodge: Dodged            |    32 |    50 |    30 ||   112
